 Dungeon Crawl Stone Soup version 0.31-a0-257-gf185e81a89 (webtiles) character file.

Game seed: 15255680858401195556

112 qw the Shooter (level 4, -2/37 HPs)
             Began as a Minotaur Hexslinger on July 12, 2023.
             Slain by a gnoll
             ... wielding a +0 spear
              (4 damage)
             ... on level 3 of the Dungeon.
             The game lasted 00:00:41 (1693 turns).

qw the Shooter (Minotaur Hexslinger)                Turns: 1693, Time: 00:00:42

Health: -2/37      AC:  7    Str: 12    XL:     4   Next: 64%
Magic:  4/4        EV: 11    Int: 10    God:
Gold:   165        SH:  0    Dex: 15    Spells: 4/5 levels left

rFire   . . .        h - +1 sling (heavy)
rCold   . . .        (no shield)
rNeg    . . .        a - +0 ring mail
rPois   .            f - +1 hat
rElec   .            (no cloak)
rCorr   .            b - +0 pair of gloves
SInv    .            (no boots)
Will    .....        (no amulet)
Stlth   +            (no ring)
HPRegen 0.26/turn    (no ring)
MPRegen 0.09/turn

%: no passive effects
@: no status effects
A: horns 2, retaliatory headbutt
a: no special abilities


You were on level 3 of the Dungeon.
You visited 1 branch of the dungeon, and saw 3 of its levels.

You collected 165 gold pieces.


Innate Abilities, Weirdness & Mutations

You have a pair of horns on your head.
You reflexively headbutt those who attack you in melee.


   Skills:
 - Level 2.4 Fighting
 + Level 4.6 Ranged Weapons
 - Level 1.8 Armour
 - Level 2.1 Dodging
 - Level 1.0 Spellcasting
 - Level 2.0 Hexes


You had 4 spell levels left.
You knew the following spells:

 Your Spells              Type           Power      Damage    Failure   Level
a - Slow                  Hex            16%        N/A       32%         1

Your spell library contained the following spells:

 Spells                   Type           Power      Damage    Failure   Level
 Inner Flame              Hex/Fire       2%         N/A       83%         3
 Portal Projectile        Hex/Tloc       4%         N/A       83%         3
 Cause Fear               Hex            2%         N/A       97%         4

Inventory:

Hand Weapons
 h - a +1 heavy sling (weapon)
Armour
 a - a +0 ring mail (worn)
 b - a +0 pair of gloves (worn)
 f - a +1 hat (worn)
Jewellery
 l - a ring of ice
Scrolls
 Y - 3 scrolls of identify
Potions
 c - a potion of enlightenment {unknown}
 e - a potion of resistance
 i - a potion of berserk rage {unknown}
 j - a potion of haste
 k - a potion of degeneration {unknown}

Dungeon Overview and Level Annotations

Branches:
Dungeon (3/15)

Altars:

Annotations:
D:3 exclusion: gnoll


Message History

The gnoll closely misses you.
You start putting on your armour.
You continue putting on your +0 pair of gloves.
The gnoll barely misses you.
You continue putting on your +0 pair of gloves.
The gnoll closely misses you.
You continue putting on your +0 pair of gloves.
The gnoll hits you from afar with a +0 halberd.
You continue putting on your +0 pair of gloves.
The gnoll barely misses you.
You finish putting on your +0 pair of gloves.
Enter note:
Enter note:
Enter note:
Enter note:
Enter note:
Enter note:
Enter note: A gnoll comes into view. It is wielding a +0 whip.
The gnoll shouts!
The gnoll closely misses you.
1684 ||| Stepping ~*~*~tactically~*~*~ (outnumbered).
You start resting.
There are monsters nearby!
You shoot a sling bullet. The sling bullet hits the gnoll!
You kill the gnoll!
1687 ||| FLEEEEING.
1688 ||| FLEEEEING.
The gnoll hits you from afar with a +0 spear.
1689 ||| FLEEEEING.
The gnoll hits you but does no damage.
1690 ||| FLEEEEING.
The gnoll hits you from afar with a +0 spear.
1691 ||| FLEEEEING.
The gnoll barely misses you.
1692 ||| FLEEEEING.
The gnoll hits you from afar with a +0 spear.
1693 ||| FLEEEEING.
The gnoll hits you from afar with a +0 spear.
You die...

#.############.#######
#####.###.................
#.......#.######.....#####
#.###.#.#.# ##....#
#.#.#.#######..#.#####
#.....................
###.#.#######..#.#####
#.#.# #..#.#####
#.#####.#@#######..#......
#.ggg...#..........#######
#.gg....#####.#######
#.#####.# #........ #.#
#.#####..######
#.#####.##.....##....
#.#...............###
#.#.###.##.....######
#.#.###.###....<.....


You could see a gnoll.

Vanquished Creatures
  Ijyb (D:3)
  3 gnolls
  2 dart slugs (D:1)
  5 orcs (D:3)
  7 endoplasms
  2 giant cockroaches (D:2)
  3 goblins
  3 hobgoblins
  6 kobolds
  3 quokkas
  3 ball pythons (D:1)
  A bat (D:2)
  3 frilled lizards
  8 rats
50 creatures vanquished.

Notes
Turn   | Place    | Note
-------+----------+-------------------------------------------
     0 | D:1      | qw the Minotaur Hexslinger began the quest for the Orb.
     0 | D:1      | Reached XP level 1. HP: 16/16 MP: 1/1
     0 | D:1      | 0 ||| qw: Version: 0.3-a-52-g30416fa
     0 | D:1      | 0 ||| qw: Game counter: 6777
     0 | D:1      | 0 ||| qw: Melee chars always use a shield: true
     0 | D:1      | 0 ||| qw: God list: Okawaru
     0 | D:1      | 0 ||| qw: Allow faded altars: false
     0 | D:1      | 0 ||| qw: Do Orc after clearing Dungeon:15 true
     0 | D:1      | 0 ||| qw: Do second Lair branch before Depths: true
     0 | D:1      | 0 ||| qw: Lair rune preference: random
     0 | D:1      | 0 ||| qw: Goals: Normal
     0 | D:1      | 0 ||| PLANNING D:1-11
    16 | D:1      | Reached skill level 3 in Ranged Weapons
    16 | D:1      | Reached XP level 2. HP: 23/23 MP: 2/2
   143 | D:1      | Reached XP level 3. HP: 30/30 MP: 3/3
   179 | D:1      | Found a faded altar of an unknown god.
   565 | D:1      | 565 ||| UPGRADING to +1 hat.
   570 | D:1      | 570 ||| READING scroll labelled COKUET XOFUR.
   571 | D:1      | 571 ||| READING 2 scrolls labelled OJOEJU RUOVICW.
   572 | D:1      | 572 ||| READING scroll labelled UNEGUC FYNED.
   576 | D:1      | 576 ||| DROPPING scroll of poison.
   577 | D:1      | 577 ||| DROPPING scroll of fear.
   727 | D:2      | Reached skill level 4 in Ranged Weapons
  1071 | D:2      | 1071 ||| UPGRADING to +0 ring mail.
  1081 | D:2      | 1081 ||| DROPPING +0 robe.
  1082 | D:2      | 1082 ||| READING scroll labelled YSIUDO PALA.
  1083 | D:2      | 1083 ||| READING 3 scrolls labelled GIXAUS FEST.
  1084 | D:2      | 1084 ||| DRINKING 2 green potions.
  1085 | D:2      | 1085 ||| READING 2 scrolls of identify.
  1085 | D:2      | 1085 ||| IDENTIFYING fizzy inky potion
  1086 | D:2      | 1086 ||| DROPPING potion of attraction.
  1107 | D:3      | Noticed Ijyb
  1111 | D:3      | Killed Ijyb
  1112 | D:3      | Reached skill level 1 in Armour
  1112 | D:3      | Reached XP level 4. HP: 37/37 MP: 4/4
  1674 | D:3      | 1674 ||| Stepping ~*~*~tactically~*~*~ (outnumbered).
  1677 | D:3      | 1677 ||| UPGRADING to +0 pair of gloves.
  1680 | D:3      | HP: 9/37 [gnoll/+0 halberd (5)]
  1684 | D:3      | 1684 ||| Stepping ~*~*~tactically~*~*~ (outnumbered).
  1687 | D:3      | 1687 ||| FLEEEEING.
  1688 | D:3      | 1688 ||| FLEEEEING.
  1688 | D:3      | HP: 8/37 [gnoll/+0 spear (3)]
  1689 | D:3      | 1689 ||| FLEEEEING.
  1690 | D:3      | 1690 ||| FLEEEEING.
  1691 | D:3      | 1691 ||| FLEEEEING.
  1692 | D:3      | 1692 ||| FLEEEEING.
  1692 | D:3      | HP: 2/37 [gnoll/+0 spear (3)]
  1693 | D:3      | 1693 ||| FLEEEEING.
  1693 | D:3      | Slain by a gnoll

Levels and vault maps discovered:
D:1:      amcnicky_arrival_gap_in_the_tavern_cellar, layout_rooms,
          hellmonk_ecumenical_altar_lost_god
D:2:      layout_basic, minmay_tripent
D:3:      layout_loops_corners, chequers_arboretum, uniq_ijyb

Skill      XL: |  1  2  3 |
---------------+----------+-----
Ranged Weapons | 3 4 |  4.6
Fighting       | 2 |  2.4
Armour         | 1 |  1.8
Dodging        | |  2.1
Spellcasting   | |  1.0
Hexes          | |  2.0

Action                     |  1- 3 |  4- 6 || total
---------------------------+-------+-------++-------
   Fire: Sling             |   103 |    38 ||   141
    Use: Scroll            |     6 |       ||     6
         Potion            |     1 |       ||     1
 Armour: Robe              |     2 |       ||     2
         Ring mail         |     2 |    13 ||    15
  Dodge: Dodged            |    15 |    17 ||    32

Table legend:
 A = Non-vault XP
 B = Vault XP
 C = Vault XP percentage of total XP
 D = Non-vault monster count
 E = Vault monster count
 F = Vault count percentage of total count
                 A         B        C        D         E       F
            +---------+---------+-------+---------+---------+-------
      Total |     122 |      39 |  24.2 |      47 |       3 |   6.0
            +---------+---------+-------+---------+---------+-------
        D:1 |      67 |       0 |   0.0 |      23 |       0 |   0.0
        D:2 |      14 |       3 |  17.6 |      11 |       2 |  15.4
        D:3 |      41 |      36 |  46.8 |      13 |       1 |   7.1
            +---------+---------+-------+---------+---------+-------
